 Dungeon Crawl Stone Soup version 0.31.0-12-g77e489cdc1 (webtiles) character file.

Game seed: 16852755354415877183

9 Gadfly the Trooper (level 2, 24/24 HPs)
             Began as a Demonspawn Monk on Feb 13, 2024.
             Quit the game on level 1 of the Dungeon.
             The game lasted 00:00:22 (305 turns).

Gadfly the Trooper (Demonspawn Monk)                 Turns: 305, Time: 00:00:22

Health: 24/24      AC:  2    Str: 11    XL:     2   Next: 3%
Magic:  2/2        EV: 13    Int: 10    God:
Gold:   29         SH:  0    Dex: 15    Spells: 1/1 levels left

rFire   . .          .
                       - Unarmed
rCold   . . .        c - orb {light}
rNeg    . . .        a - +0 robe
rPois   .            (no helmet)
rElec   .            (no cloak)
rCorr   .            (no gloves)
SInv    .            (no boots)
Will    .....        (no amulet)
Stlth   +            (no ring)
HPRegen 0.24/turn    (no ring)
MPRegen 0.08/turn

%: no passive effects
@: glowing
A: sturdy frame 1
a: no special abilities


You were on level 1 of the Dungeon.
You visited 1 branch of the dungeon, and saw 1 of its levels.

You collected 29 gold pieces.

Inventory:

Armour
 a - a +0 robe (worn)
 c - an orb of light (worn)
Scrolls
 e - a scroll of vulnerability {unknown}
 f - a scroll of acquirement {unknown}
 g - a scroll of poison {unknown}
 h - a scroll of torment {unknown}
Potions
 b - a potion of ambrosia
 d - a potion of curing {unknown}


   Skills:
 - Level 3.0 Fighting
 + Level 2.7 Dodging
 * Level 2.9 Unarmed Combat
 * Level 0.6 Evocations
 * Level 0.5 Shapeshifting


You had one spell level left.
You didn't know any spells.
Your spell library contained the following spells:

 Spells                   Type           Power      Damage    Failure   Level
 Slow                     Hex            0%         N/A       36%         1
 Confusing Touch          Hex            0%         N/A       75%         3
 Sigil of Binding         Hex            0%         N/A       75%         3
 Vampiric Draining        Necr           0%         2d6       75%         3


Dungeon Overview and Level Annotations

Branches:
Dungeon (1/15)

Altars:


Innate Abilities, Weirdness & Mutations

Your movements are slightly less encumbered by armour. (ER -2)


Message History

Found a stone staircase leading down.
A bat comes into view.
Found a stone staircase leading down.
The bat barely misses you.
You hit the bat.
The bat is heavily wounded.
The bat hits you.
You hit the bat.
The bat is severely wounded.
The bat hits you but does no damage. The bat closely misses you.
The bat misses you.
You barely miss the bat.
The bat is heavily wounded.
The bat closely misses you. x2
You hit the bat.
You kill the bat!
No target in view!
No target in view!
There is a stone staircase leading down here.
A goblin comes into view. It is wielding a +0 club.
A goblin is nearby!
A goblin is nearby!
Found a scroll labelled TIFUOR EGE.
The goblin closely misses you.
You hit the goblin.
You kill the goblin!
You have reached level 2!
Your demonic ancestry asserts itself...
You feel less encumbered by your armour.
You see here a +0 club.
h - a scroll labelled TIFUOR EGE A rat comes into view.
The rat squeaks loudly.
A rat is nearby!
A rat is nearby!
The rat closely misses you.
You hit the rat.
You kill the rat!
No target in view!
No target in view!
Are you sure you want to abandon this character and quit the game? (Confirm with "yes".)

#.# . #.# #.# # #.######### #.#
#..)......# #.# ############.#
#.# #............###.##
.#....##.......#..
###......#####.#†# .#....####
#.#@# .....## #..#.# ....##
#.###.. ~...# #.. ### .~~.##
##################### ≈≈...###
#................~≈~~
~~~~...######............~≈~...~~
~≈...#............#....~~~≈~.~...
~~~.#########.....##....~~.~.~~~.


There were no monsters in sight!

Vanquished Creatures
  2 bats (D:1)
  A ball python (D:1)
  4 goblins (D:1)
  A rat (D:1)
8 creatures vanquished.

Notes
Turn   | Place    | Note
-------+----------+-------------------------------------------
     0 | D:1      | Gadfly the Demonspawn Monk began the quest for the Orb.
     0 | D:1      | Reached XP level 1. HP: 18/18 MP: 1/1
    59 | D:1      | Found a faded altar of an unknown god.
   286 | D:1      | Gained mutation: Your movements are slightly less
                  | encumbered by armour. (ER -2) [demonic ancestry]
   286 | D:1      | Reached XP level 2. HP: 24/24 MP: 2/2
   305 | D:1      | Quit the game

Illustrated notes

Levels and vault maps discovered:
D:1:      dpeg_arrival_more_subterranean_lakeside_camping, layout_loops_ring,
          chequers_ecumenical_altar_island, minmay_misc_feat_tiny

Action                     || total
---------------------------++-------
  Melee: Unarmed           ||    19
 Armour: Robe              ||     9
  Dodge: Dodged            ||    13
